[Event "EYTCC U18 Girls 2018"]
[Site "Bad Blankeburg"]
[Date "2018.07.17"]
[Round "6"]
[White "Ciolacu, Alessia-Mihaela"]
[Black "Kiolbasa, Oliwia"]
[Result "0-1"]
[ECO "A47"]
[WhiteElo "1938"]
[BlackElo "2189"]
[Annotator "NA"]
[PlyCount "62"]
[EventDate "2018.07.12"]
[EventType "swiss"]
[EventCountry "GER"]
[SourceTitle "playchess.com"]
[Source "ChessBase"]
[SourceQuality "1"]
[TimeControl "40/5400+30:1800+30"]

1. d4 Nf6 2. Nf3 b6 3. c4 Bb7 4. e3 e6 5. Bd3 Bb4+ 6. Nc3 Ne4 7. Qc2 f5 8. Bd2 {[%emt 0:08:34] E43: Nimzoindisch (Rubinstein-System)} (8. O-O Bxc3 9. bxc3 O-O 10. c5 bxc5 11. Ne1 cxd4 12. cxd4 Nc6 13. Ba3 Rf6 14. Rb1 Rb8 15. Nf3 Rg6 16. Rfc1 Nf6 17. Bf1 Nd5 {½-½ (32) Wang,Y (2706)-Bu,X (2713) China 2017}) 8... Nxd2 9. Qxd2 O-O 10. a3 Bxc3 $1 11. Qxc3 a5 12. h4 $146 ({Vorgänger:} 12. O-O-O c5 13. h4 cxd4 14. Qxd4 {1-0 (47) Saharinen,P (1935)-Salonen,J (1924) ICCF email 2007}) 12... d6 13. O-O-O Nd7 14. Kb1 Qe7 15. h5 Nf6 16. d5 exd5 17. Bxf5 Ne4 18. Bxe4 Qxe4+ 19. Ka1 Qxc4 20. Qd2 c5 21. Rc1 Qb3 22. Rc3 $17 Qa4 23. Ng5 Qg4 24. f4 h6 25. Nf3 b5 26. Rh4 Qe6 27. g4 b4 28. Rd3 Rae8 29. g5 c4 30. Rd4 Qxe3 31. Qg2 Qc1+ 0-1

[Event "EYTCC U18 Girls 2018"]
[Site "Bad Blankeburg"]
[Date "2018.07.18"]
[Round "7"]
[White "Gajcin, Marina"]
[Black "Hrescak, Ivana"]
[Result "1-0"]
[ECO "B36"]
[WhiteElo "2269"]
[BlackElo "2129"]
[Annotator "NA"]
[PlyCount "117"]
[EventDate "2018.07.12"]
[EventType "swiss"]
[EventCountry "GER"]
[SourceTitle "playchess.com"]
[Source "ChessBase"]
[SourceQuality "1"]
[WhiteTeam "Serbia"]
[BlackTeam "Slovenia"]
[WhiteTeamCountry "SRB"]
[BlackTeamCountry "SLO"]
[TimeControl "40/5400+30:1800+30"]

1. e4 c5 2. Nf3 g6 3. d4 cxd4 4. Nxd4 Nc6 5. c4 Nf6 6. Nc3 Nxd4 7. Qxd4 d6 8. f3 Bg7 {[%emt 0:00:27] LiveBook: 293 Games} 9. Be3 O-O 10. Qd2 Be6 11. Rc1 Qa5 12. b3 Rfc8 13. Be2 a6 14. Na4 Qxd2+ 15. Kxd2 Nd7 16. Rhd1 Rc6 {[%emt 0:08:09] [#] B36: Sicilian: Maroczy Bind: Gurgenidze System} 17. Ke1 $146 ({Predecessor:} 17. Nc3 Kf8 18. Nd5 Bxd5 19. cxd5 Rcc8 20. Rxc8+ Rxc8 21. Rc1 Rxc1 22. Kxc1 e6 23. dxe6 fxe6 24. Kc2 {1-0 (45) Stanec,N (2536)-Georgiadis,N (2328) Vienna 2011}) 17... Rb8 18. f4 b5 19. cxb5 Rxc1 20. Rxc1 axb5 21. Nc3 b4 22. Na4 f5 23. exf5 gxf5 24. Rc7 Kf8 25. Ba7 Rd8 26. g3 Nf6 27. Rb7 Ne4 28. Rxb4 Nc3 29. Bd4 Nxa2 30. Bxg7+ Kxg7 31. Rb7 Rd7 32. Rxd7 Bxd7 33. Nb6 Bc6 34. Kd2 Kf6 35. Nc4 Bd5 36. Kc2 Bxc4 37. Bxc4 d5 38. Bf1 (38. Bb5 $16) 38... d4 (38... e5 $11 {keeps the balance.}) 39. Kd3 e5 40. Kc4 Nc3 41. b4 Ke6 {[%emt 0:15:21] [#]} 42. b5 $1 Nxb5 43. Kxb5 Kd5 44. Bg2+ e4 45. Kb4 h5 46. Bh1 d3 47. Kc3 Ke6 48. Bg2 Kf6 49. Kd2 Ke6 50. Ke3 Kd5 51. Bh3 Ke6 52. Bf1 Kd5 53. h3 Ke6 54. g4 hxg4 55. hxg4 fxg4 56. Kxe4 g3 57. Kxd3 Kf5 58. Ke3 Kg4 59. Ke4 1-0

[Event "EYTCC U18 Girls 2018"]
[Site "Bad Blankeburg"]
[Date "2018.07.18"]
[Round "7"]
[White "Schneider, Jana"]
[Black "Pribylova, Sofie"]
[Result "1/2-1/2"]
[ECO "B52"]
[WhiteElo "2234"]
[BlackElo "1931"]
[Annotator "NA"]
[PlyCount "77"]
[EventDate "2018.07.12"]
[EventType "swiss"]
[EventCountry "GER"]
[SourceTitle "playchess.com"]
[Source "ChessBase"]
[SourceQuality "1"]
[WhiteTeam "Germany"]
[BlackTeam "Czech Republic"]
[WhiteTeamCountry "GER"]
[BlackTeamCountry "CZE"]
[TimeControl "40/5400+30:1800+30"]

1. e4 c5 2. Nf3 d6 3. Bb5+ Bd7 4. Bxd7+ Qxd7 5. c4 Nc6 6. d4 cxd4 7. Nxd4 Nf6 8. Nc3 g6 9. b3 Bg7 10. Bb2 O-O 11. O-O Rfd8 {[%emt 0:02:14] B52: Sicilian: Moscow Variation with 3...Bd7} (11... Rac8 12. Re1 Rfd8 13. Nd5 Ne8 14. Qd2 e6 15. Ne3 Nf6 16. Qc2 d5 17. e5 Nh5 18. Rad1 Qe7 19. g3 Rb8 20. Bc3 Qa3 21. Rd3 a5 22. Red1 Qc5 23. Qd2 Rdc8 {½-½ (23) Yu,Y (2725)-Lu,S (2607) Shenzhen 2016}) 12. Nxc6 bxc6 13. Qe2 Qc7 $146 ({Predecessor:} 13... e6 14. Rad1 d5 15. e5 Ne8 16. Rfe1 Qe7 17. Na4 Rac8 18. Bd4 c5 19. Bb2 {1-0 (75) Bartel,M (2337)-Pacan Milej,K (2316) Poronin 2017}) 14. Rad1 Rd7 15. Rd3 Rad8 16. Rfd1 Nh5 17. g3 Nf6 18. Na4 c5 (18... h5 $14) 19. e5 Ne8 20. Qd2 e6 21. f4 d5 22. Bc3 Qc6 23. Ba5 Nc7 24. Nc3 d4 25. Nb5 Nxb5 26. cxb5 Qxb5 27. a4 Qb7 28. Bxd8 Rxd8 29. Qa5 Rc8 30. Qb5 Qd5 31. Rc1 Bf8 $14 32. Qc4 Qe4 33. Kf2 Rb8 34. Re1 Qb7 35. g4 Be7 36. Rh3 Qc7 37. f5 Rb4 38. Qc1 Bf8 39. Qg5 1/2-1/2

[Event "EYTCC U18 Girls 2018"]
[Site "Bad Blankeburg"]
[Date "2018.07.18"]
[Round "7"]
[White "Kiolbasa, Oliwia"]
[Black "Blazeka, Mihaela"]
[Result "1/2-1/2"]
[ECO "C60"]
[WhiteElo "2189"]
[BlackElo "2054"]
[Annotator "NA"]
[PlyCount "61"]
[EventDate "2018.07.12"]
[EventType "swiss"]
[EventCountry "GER"]
[SourceTitle "playchess.com"]
[Source "ChessBase"]
[SourceQuality "1"]
[WhiteTeam "Poland"]
[BlackTeam "Croatia"]
[WhiteTeamCountry "POL"]
[BlackTeamCountry "CRO"]
[TimeControl "40/5400+30:1800+30"]

1. e4 e5 2. Nf3 Nc6 3. Bb5 g6 4. d4 exd4 5. Bg5 Be7 6. Bxe7 Ngxe7 7. Nxd4 d5 8. Nc3 O-O 9. exd5 $11 {[%emt 0:19:24] LiveBook: 3 Games} (9. Bxc6 $14 bxc6 10. O-O) 9... Nxd4 10. Qxd4 c6 11. Be2 Be6 12. Ne4 Nxd5 13. c4 Nb4 14. Qc3 Qd4 15. Nf6+ Kh8 16. Qxb4 Qxf6 17. O-O Qe5 18. Bf3 Qc7 19. Rad1 Rad8 20. b3 Kg8 21. h4 h5 22. Qc5 a6 23. Bxh5 gxh5 24. Qg5+ Kh7 25. Qxh5+ Kg7 26. Qg5+ Kh7 27. Qh5+ Kg7 28. Qg5+ Kh7 29. Qh5+ Kg7 30. Qg5+ Kh7 31. Qh5+ 1/2-1/2

[Event "EYTCC U18 Girls 2018"]
[Site "Bad Blankeburg"]
[Date "2018.07.18"]
[Round "7"]
[White "Nemcova, Karin"]
[Black "Sieber, Fiona"]
[Result "1-0"]
[ECO "B90"]
[WhiteElo "2133"]
[BlackElo "2283"]
[Annotator "NA"]
[PlyCount "127"]
[EventDate "2018.07.12"]
[EventType "swiss"]
[EventCountry "GER"]
[SourceTitle "playchess.com"]
[Source "ChessBase"]
[SourceQuality "1"]
[WhiteTeam "Czech Republic"]
[BlackTeam "Germany"]
[WhiteTeamCountry "CZE"]
[BlackTeamCountry "GER"]
[TimeControl "40/5400+30:1800+30"]

1. e4 c5 2. Nf3 d6 3. d4 cxd4 4. Nxd4 Nf6 5. Nc3 a6 6. Be3 e6 7. Be2 Be7 8. O-O O-O 9. f4 Qc7 10. Qe1 b5 11. a3 {[%emt 0:02:24] LiveBook: 58 Games} Bb7 12. Bd3 Ng4 {[%emt 0:17:00] B84: Sicilian Scheveningen: 6 Be2 a6, lines without early Be3} 13. Kh1 Nxe3 14. Qxe3 {[%emt 0:00:03] [#]} Qc5 $146 ({Predecessor:} 14... Nd7 15. f5 e5 16. Nb3 Nf6 17. Rad1 Rad8 18. Nc1 Rfe8 19. N1a2 d5 20. Nxd5 Bxd5 21. exd5 e4 22. Be2 Qxc2 23. Nc3 Qxb2 {0-1 (23) Diepeveen,V (2323)-Ftacnik,L (2544) Netherlands 2016}) 15. Rae1 Bh4 16. Re2 Nc6 17. Nxc6 Qxe3 18. Rxe3 Bxc6 19. e5 Be7 20. Ne4 dxe5 21. fxe5 Rfd8 22. Ref3 Be8 23. Rg3 Kh8 24. Ng5 Bxg5 25. Rxg5 Rac8 26. Rg4 Rd5 27. Re1 Kg8 28. h3 h6 29. Re3 Kf8 30. Kh2 Rcc5 31. Rge4 Bc6 32. Re2 Rxd3 33. cxd3 Bxe4 34. Rxe4 a5 35. Re2 Ke7 36. Kg3 Rc1 37. Kf3 f5 38. exf6+ gxf6 39. d4 Rd1 40. Kg4 Rxd4+ 41. Kh5 Kf7 42. Rc2 f5 (42... e5 $142 43. g4 e4) 43. Kxh6 (43. g4 {keeps fighting.}) 43... Kf6 44. Kh5 Rd3 $2 (44... Rd8 $19 45. Kh4 Rg8) 45. Kh4 Rb3 46. g4 f4 47. Rg2 e5 48. g5+ Kg6 49. Kg4 f3 50. Rf2 e4 51. h4 Kg7 52. Rc2 Rd3 53. h5 Rd7 54. h6+ Kf7 55. Rc6 f2 56. Rf6+ Kg8 57. Rxf2 Kh7 58. Kh5 Rd5 59. Rf7+ Kg8 60. h7+ Kxf7 61. h8=Q Rf5 62. Qc8 Re5 63. Qc7+ Ke6 64. Qc6+ {[%emt 0:00:08] Kd5} 1-0

[Event "EYTCC U18 Girls 2018"]
[Site "Bad Blankeburg"]
[Date "2018.07.18"]
[Round "7"]
[White "Cvitan, Ena"]
[Black "Antolak, Julia"]
[Result "0-1"]
[ECO "E49"]
[WhiteElo "2125"]
[BlackElo "2282"]
[Annotator "NA"]
[PlyCount "48"]
[EventDate "2018.07.12"]
[EventType "swiss"]
[EventCountry "GER"]
[SourceTitle "playchess.com"]
[Source "ChessBase"]
[SourceQuality "1"]
[WhiteTeam "Croatia"]
[BlackTeam "Poland"]
[WhiteTeamCountry "CRO"]
[BlackTeamCountry "POL"]
[TimeControl "40/5400+30:1800+30"]

1. d4 Nf6 2. c4 e6 3. Nc3 Bb4 4. e3 O-O 5. Bd3 d5 6. a3 Bxc3+ 7. bxc3 dxc4 8. Bxc4 {[%emt 0:00:09] LiveBook: 317 Games} c5 9. Ne2 b6 {[%emt 0:02:18] E49: Nimzo-Indian: Rubinstein: 5 Bd3 d5 6 a3 Bxc3+ 7 bxc3} 10. O-O Bb7 (10... Qc7 11. Ba2 Rd8 12. Bb2 Ba6 13. Rc1 Nc6 14. c4 cxd4 15. exd4 Ng4 16. Ng3 Qf4 17. h3 {0-1 (38) Rakhmanov,A (2653)-Mamedyarov,S (2799) Riadh 2017}) 11. Bb2 Qc7 12. Rc1 $146 ({Predecessor:} 12. Bd3 Nbd7 13. Ng3 e5 14. f3 Rad8 15. Rc1 Rfe8 16. e4 exd4 17. cxd4 {½-½ (50) Ebrahim Shirazi,B (2025)-Haynes,N (2182) Edmonton 2016}) 12... Rd8 13. f3 Nc6 14. Qe1 Rac8 15. Bd3 e5 16. Bf5 Rb8 17. Qf2 Na5 18. c4 exd4 19. exd4 cxd4 20. Bxd4 Nb3 21. Bxf6 $1 Nxc1 22. Qh4 Nxe2+ $19 23. Kh1 gxf6 24. Qh6 Qf4 0-1

[Event "EYTCC U18 Girls 2018"]
[Site "Bad Blankeburg"]
[Date "2018.07.18"]
[Round "7"]
[White "Rozman, Monika"]
[Black "Injac, Teodora"]
[Result "1/2-1/2"]
[ECO "B90"]
[WhiteElo "2125"]
[BlackElo "2302"]
[Annotator "NA"]
[PlyCount "88"]
[EventDate "2018.07.12"]
[EventType "swiss"]
[EventCountry "GER"]
[SourceTitle "playchess.com"]
[Source "ChessBase"]
[SourceQuality "1"]
[WhiteTeam "Slovenia"]
[BlackTeam "Serbia"]
[WhiteTeamCountry "SLO"]
[BlackTeamCountry "SRB"]
[TimeControl "40/5400+30:1800+30"]

1. e4 c5 2. Nf3 d6 3. d4 cxd4 4. Nxd4 Nf6 5. Nc3 a6 6. Be3 e5 7. Nf3 Nc6 8. Bc4 Be6 9. Bb3 Be7 10. O-O O-O 11. Bg5 Nd7 {[%emt 0:03:07] B90: Sicilian Najdorf: Unusual White 6th moves, 6 Be3 Ng4 and 6 Be3 e5} 12. Bxe7 Qxe7 13. Qd2 {[%emt 0:03:58] LiveBook: 4 Games} Nc5 14. Rad1 Rad8 {[%emt 0:08:45] [#]} 15. Bd5 $146 ({Predecessor:} 15. Qe3 Nxb3 16. axb3 f5 17. Nd5 Qd7 18. Nb6 Qe7 19. Nd5 {½-½ (44) Triapishko,O (2508)-Aravindh,C (2572) Tarvisio 2017}) 15... Bg4 16. Qe3 Qf6 (16... Bxf3 $5 17. Qxf3 Nd4 $15) 17. Ne2 Nb4 18. Rd2 Nxd5 19. Rxd5 Qg6 20. Ng3 Ne6 21. Rfd1 Nf4 22. R5d2 Qf6 23. Qa3 d5 24. exd5 Nh3+ 25. Kh1 Ng5 $2 (25... Qf4 $11 {and Black has nothing to worry.}) 26. Nxg5 Bxd1 27. N5e4 Qg6 28. Rxd1 f5 29. Nc5 f4 30. Nf1 ({Inferior is} 30. Nxb7 Rb8 $17) ({Weaker is} 30. Nge4 b6 $18) 30... Qxc2 31. Rd2 Qc4 32. Kg1 Rxd5 33. Rxd5 Qxd5 34. Qb3 Qxb3 35. axb3 Rc8 36. Nxb7 Rc2 37. h4 Rxb2 38. Nc5 a5 39. g3 Kf7 40. Kg2 Ke7 41. gxf4 exf4 42. Kf3 h5 43. Kg2 Kf6 44. Nd2 Kf5 $11 1/2-1/2